 Dungeon Crawl Stone Soup version 0.28.0-1-gb440e238dd (webtiles) character file.

Game seed: 13904062351682451855

5417 issech the Basher (level 10, -14/87 HPs)
             Began as a Troll Monk on Feb 25, 2022.
             Was an Elder of Hepliaklqana.
             Demolished by a seven-headed hydra (15 damage)
             ... on level 8 of the Dungeon.
             The game lasted 00:30:41 (8224 turns).

issech the Basher (Troll Monk)                      Turns: 8224, Time: 00:30:42

Health: -14/87     AC:  5    Str: 27    XL:     10   Next: 40%
Magic:  9/9        EV: 12    Int:  6    God:    Hepliaklqana [****..]
Gold:   608        SH:  5    Dex: 16    Spells: 9/9 levels left

rFire   . . .      SeeInvis .   F - +0 giant club
rCold   . . .      Faith    .   (shield currently unavailable)
rNeg    . . .      Spirit   .   b - +0 robe
rPois   .          Reflect  +   (helmet restricted)
rElec   .          Harm     .   U - +0 cloak
rCorr   .          Rampage  .   (gloves unavailable)
Will    .....                   (boots unavailable)
Stlth   ++........              m - amulet of reflection
HPRegen 1.04/turn               D - ring of flight
MPRegen 0.11/turn               p - +6 ring of strength

@: flying, studying Staves
A: reduced essence, large, unfitting armour, claws 3, regeneration 1, shaggy fur
1, tough skin 1
a: Renounce Religion, Recall Ancestor, Ancestor Identity, Transference, Idealise


You were on level 8 of the Dungeon.
You worshipped Hepliaklqana.
Hepliaklqana was greatly pleased with you.
You visited 2 branches of the dungeon, and saw 9 of its levels.
You also visited: Bailey.

You collected 608 gold pieces.

Inventory:

Hand Weapons
 a - a +0 mace
 u - a +0 arbalest
 v - a +0 hand crossbow
 B - a +5 dagger
 C - a +4 dagger of venom
 E - a +0 dire flail
 F - a +0 giant club (weapon)
 I - a +0 hunting sling
 K - a +2 vampiric long sword
 N - a +2 vorpal long sword
 R - a +0 scimitar of flaming
 S - a +2 dagger of venom
 T - a +0 morningstar
 W - a +3 rapier of speed
Missiles
 c - 113 bolts
 h - 274 stones (quivered)
 l - 44 sling bullets
 s - 160 arrows
 t - 33 poisoned darts
Armour
 b - a +0 robe (worn)
 L - the +15 Maxwell's patent armour {-Cast -Tele rElec Will+ rCorr}
   (You found it in a bailey)

   rElec:     It insulates you from electricity.
   -Cast:     It prevents spellcasting.
   -Tele:     It prevents most forms of teleportation.
   rCorr:     It protects you from acid and corrosion.
   Will:      It increases your willpower.
 U - a +0 cloak (worn)
Jewellery
 j - a ring of resist corrosion
 m - an amulet of reflection (around neck)
 p - a +6 ring of strength (right claw)
 D - a ring of flight (left claw)
 G - a ring of poison resistance
Wands
 q - a wand of polymorph (12)
 M - a wand of flame (23)
Scrolls
 k - 4 scrolls of immolation
 o - a scroll of fear
 r - 4 scrolls of identify
 w - 3 scrolls of blinking
 y - a scroll of torment
 J - a scroll of fog
 O - 3 scrolls of magic mapping
 Q - a scroll of enchant weapon
 V - a scroll of silence {unknown}
Potions
 d - 2 potions of curing {unknown}
 e - 2 potions of flight {unknown}
 f - 2 potions of brilliance {unknown}
 g - 2 potions of heal wounds {unknown}
 i - 3 potions of might {unknown}
 n - 2 potions of mutation {unknown}
 x - 2 potions of lignification {unknown}
 z - 4 potions of haste {unknown}
 A - 3 potions of resistance {unknown}
 H - 3 potions of berserk rage {unknown}
 P - a potion of invisibility {unknown}


   Skills:
 + Level 5.6 Fighting
 + Level 9.8 Maces & Flails
 + Level 2.5 Crossbows
 + Level 1.0 Throwing
 + Level 5.4 Dodging
 + Level 3.2 Stealth
 + Level 3.7 Shields
 + Level 1.1 Unarmed Combat


You had 9 spell levels left.
You didn't know any spells.
Your spell library contained the following spells:

 Spells                   Type           Power      Damage    Failure   Level
 Animate Skeleton         Necr           0%         N/A       45%         1
 Pain                     Necr           0%         1d4       45%         1
 Sandblast                Erth           0%         2d4       45%         1
 Shock                    Conj/Air       0%         1d3       45%         1
 Summon Small Mammal      Summ           0%         N/A       45%         1
 Blink                    Tloc           0%         N/A       58%         2
 Passwall                 Tmut/Erth      0%         N/A       58%         2
 Call Canine Familiar     Summ           0%         N/A       83%         3
 Conjure Flame            Conj/Fire      0%         6-21      83%         3
 Ignite Poison            Fire/Tmut/Pois 0%         N/A       83%         3
 Stone Arrow              Conj/Erth      0%         3d7       83%         3
 Summon Guardian Golem    Hex/Summ       0%         N/A       83%         3
 Swiftness                Air            0%         N/A       83%         3
 Vampiric Draining        Necr           0%         2d6       83%         3
 Airstrike                Air            0%         N/A       99%         4
 Animate Dead             Necr           0%         N/A       99%         4
 Sticky Flame             Conj/Fire      0%         2d3       99%         4
 Manifold Assault         Tloc           0%         N/A       100%        5
 Haunt                    Necr/Summ      0%         N/A       100%        7
 Storm Form               Tmut/Air       0%         N/A       100%        7
 Infestation              Necr           0%         N/A       100%        8
 Shatter                  Erth           0%         3d5*      100%        9


Dungeon Overview and Level Annotations

Branches:
Dungeon (8/15)             Temple (1/1) D:6            Lair (0/6) D:8
 Bailey (visited)

Altars:
Ashenzari
Cheibriados
Dithmenos
Elyvilon
Fedhas
Gozag
Hepliaklqana
Kikubaaqudgha
Nemelex Xobeh
Okawaru
Qazlal
Ru
Trog
Uskayaw
Vehumet
Wu Jian
Xom
Yredelemnul
Zin
The Shining One

Shops:
D:5 =


Innate Abilities, Weirdness & Mutations

Your life essence is reduced to manifest your ancestor. (-10% HP)
You are too large for most types of armour.
You have claws for hands.
Your natural rate of healing is unusually fast.
You are covered in fur. (AC +1)
You have tough skin. (AC +1)


Message History

You see here a +0 mace.
There is an open door here.
You reach down and open the door.
There is an open door here.
You reach down and open the door.
There is an open door here.
You swap places.
There is an open door here.
You see here a +0 robe.
Things that are here:
a +0 leather armour; a +0 whip
There is an open door, spattered with blood here.
Things that are here:
a +0 dagger; a +0 robe
There is an open door here.
There is an open door here.
You reach down and open the door.
A seven-headed hydra comes into view.
There is an open door here.
You bludgeon the seven-headed hydra!!
The seven-headed hydra is heavily wounded.
The seven-headed hydra bites you!
You block the seven-headed hydra's attack.
The seven-headed hydra bites you. The seven-headed hydra bites you! x2
The seven-headed hydra closely misses you.
The seven-headed hydra bites you but does no damage.
Septima hits the seven-headed hydra with a +0 quarterstaff!!
You sock the seven-headed hydra!
The seven-headed hydra is almost dead.
The seven-headed hydra bites you!
You block the seven-headed hydra's attack.
The seven-headed hydra bites you!
* * * LOW HITPOINT WARNING * * *
The seven-headed hydra bites you!
* * * LOW HITPOINT WARNING * * *
The seven-headed hydra bites you!
* * * LOW HITPOINT WARNING * * *
The seven-headed hydra barely misses you.
The seven-headed hydra bites you!
You die...

#.....#..............
#.....#...#...#......
#.....##.###.###.....
#.........#...#......
#..........._........
#.........#...#......
#.....##.###.###.....
#.....#...#...#......
#...@R'..............
#####D##...#.........
#.....##...+.........
#.....##...#.........
#.....##...#.........
#......#...'.........
#......#...#.........
#......#...#.........
#.....######.........


You could see the friendly Septima the battlemage and a seven-headed hydra (ally
target).

Vanquished Creatures
  Erica (D:8)
  A deep elf pyromancer (Bailey)
  An orc knight (Bailey)
  Grinder (D:3)
  Eustachio (D:4)
  2 hornet zombies
  An orc warrior (Bailey)
  An ice beast (D:5)
  An ogre (D:5)
  A phantom (D:6)
  3 centaurs
  Blork the orc (D:5)
  A wyvern zombie (D:7)
  2 water moccasin zombies
  2 howler monkeys (D:8)
  2 bullfrog zombies
  2 centaur zombies (D:7)
  A hound (D:6)
  4 orc priests
  A jelly (D:7)
  Ijyb (D:4)
  An orc wizard (D:8)
  2 killer bee zombies (D:7)
  A gnoll (D:7)
  A howler monkey skeleton (D:4)
  A white imp (D:6)
  2 dart slugs
  13 orcs
  3 bats
  2 endoplasms
  3 giant cockroaches
  5 goblins
  A hobgoblin (D:2)
  8 jackals (D:1)
  A quokka (D:4)
  9 ball pythons
  2 frilled lizards
  10 kobolds
  11 rats
  A bush (Temple)
108 creatures vanquished.

Vanquished Creatures (collateral kills)
  A komodo dragon (D:8)
  Menkaure (D:5)
  A water moccasin (D:6)
  A sky beast (D:3)
  6 orc warriors
  A necrophage (D:7)
  A centaur (D:8)
  2 kobold brigands
  A bullfrog (D:8)
  A wyvern zombie (D:7)
  A scorpion (D:4)
  A gnoll shaman (D:7)
  3 orc priests
  An iguana (D:7)
  4 orc wizards
  2 adders (D:4)
  8 gnolls
  An ufetubus (D:5)
  An adder skeleton (D:4)
  4 dart slugs
  13 orcs
  A ball python (D:3)
  An endoplasm (D:2)
  2 giant cockroaches (D:3)
  A hobgoblin (D:4)
  18 kobolds
  A quokka (D:3)
  A bat (D:3)
  A frilled lizard (D:2)
  A quokka skeleton (D:4)
  A rat (D:3)
83 creatures vanquished.

Vanquished Creatures (others)
  A hound skeleton (D:4)
  6 battlemagi
  57 plants
64 creatures vanquished.

Grand Total: 255 creatures vanquished

Notes
Turn   | Place    | Note
-------+----------+-------------------------------------------
     0 | D:1      | issech the Troll Monk began the quest for the Orb.
     0 | D:1      | Reached XP level 1. HP: 22/22 MP: 0/0
   184 | D:1      | Reached XP level 2. HP: 22/29 MP: 1/1
   533 | D:1      | Reached XP level 3. HP: 36/36 MP: 2/2
   775 | D:2      | Reached skill level 3 in Maces & Flails
   958 | D:2      | You fall into a shaft and drop 2 floors!
   976 | D:4      | Found a hazy altar of Hepliaklqana.
  1005 | D:4      | Became a worshipper of Hepliaklqana the Forgotten
  1005 | D:4      | Reached * piety under Hepliaklqana
  1005 | D:4      | Reached ** piety under Hepliaklqana
  1006 | D:4      | Remembered your ancestor Septima as a battlemage
  1077 | D:4      | Noticed Eustachio
  1110 | D:4      | Noticed Ijyb
  1116 | D:4      | Killed Eustachio
  1117 | D:4      | Reached skill level 4 in Maces & Flails
  1117 | D:4      | Reached XP level 4. HP: 17/40 MP: 3/3
  1117 | D:4      | Reached XP level 5. HP: 21/47 MP: 4/4
  1122 | D:4      | Killed Ijyb
  1188 | D:4      | Found a hide-covered altar of Uskayaw.
  1190 | D:4      | Found a bloodstained altar of Trog.
  1443 | D:4      | Reached XP level 6. HP: 54/54 MP: 5/5
  1474 | D:4      | Found an opulent altar of Gozag.
  1798 | D:3      | Noticed Grinder
  1844 | D:2      | Reached skill level 1 in Shields
  2156 | D:3      | Noticed a sky beast
  2169 | D:3      | Killed a sky beast
  2247 | D:3      | Found a faded altar of an unknown god.
  2363 | D:3      | Killed Grinder
  2364 | D:3      | Reached skill level 5 in Maces & Flails
  2364 | D:3      | Reached skill level 1 in Unarmed Combat
  2364 | D:3      | Reached XP level 7. HP: 40/60 MP: 6/6
  3327 | D:5      | Entered Level 5 of the Dungeon
  3342 | D:5      | Found Gieczah's Jewellery Boutique.
  3403 | D:5      | Noticed Menkaure
  3404 | D:5      | Noticed Blork the orc
  3411 | D:5      | Killed Menkaure
  3420 | D:5      | Killed Blork the orc
  3556 | D:5      | Reached XP level 8. HP: 68/68 MP: 7/7
  3564 | D:5      | Reached skill level 6 in Maces & Flails
  3580 | D:5      | Reached *** piety under Hepliaklqana
  3598 | D:5      | Found a shimmering altar of Xom.
  3927 | D:6      | Found a staircase to the Ecumenical Temple.
  3943 | Temple   | Entered the Ecumenical Temple
  5311 | D:7      | Reached skill level 7 in Maces & Flails
  5375 | D:7      | Found a flagged portal.
  5398 | Bailey   | Entered a bailey
  5492 | Bailey   | HP: 2/70 [orc warrior (13)]
  5493 | Bailey   | Reached XP level 9. HP: 2/76 MP: 8/8
  5562 | Bailey   | Reached skill level 8 in Maces & Flails
  5593 | Bailey   | Noticed an orc knight
  5609 | Bailey   | Killed an orc knight
  5610 | Bailey   | Reached skill level 1 in Crossbows
  5682 | Bailey   | Found a large runed translucent door.
  5682 | Bailey   | Found a large runed translucent door.
  5683 | Bailey   | Noticed a deep elf pyromancer
  5684 | Bailey   | Found the +15 Maxwell's patent armour {-Cast -Tele rElec
                  | Will+ rCorr}
  5805 | Bailey   | Killed a deep elf pyromancer
  5806 | Bailey   | Reached skill level 5 in Fighting
  5806 | Bailey   | Reached skill level 5 in Dodging
  5946 | Bailey   | Got the Volume of the Mountains and Stolen Souls
  6123 | D:7      | Found a snail-covered altar of Cheibriados.
  6123 | D:7      | Found a sacrificial altar of Ru.
  6123 | D:7      | Found a sparkling altar of Nemelex Xobeh.
  6131 | D:7      | Reached **** piety under Hepliaklqana
  6174 | D:7      | Found a stormy altar of Qazlal.
  6256 | D:7      | Reached skill level 1 in Throwing
  6620 | D:7      | Found a basalt altar of Yredelemnul.
  6728 | D:7      | Reached XP level 10. HP: 48/86 MP: 9/9
  6733 | D:7      | Reached skill level 9 in Maces & Flails
  7430 | D:8      | Noticed Erica
  7446 | D:8      | Killed Erica
  7693 | D:8      | Found a radiant altar of Vehumet.
  7724 | D:8      | Found a staircase to the Lair.
  8218 | D:8      | Noticed a seven-headed hydra
  8224 | D:8      | HP: 1/87 [seven-headed hydra (14)]
  8224 | D:8      | Demolished by a seven-headed hydra

Illustrated notes

Levels and vault maps discovered:
D:1:      dpeg_arrival_renting, layout_basic
D:2:      layout_rooms, kennysheep_generic_room_13
D:3:      layout_loops_corners, shapermc_ecumenical_altar_mp_vishouse,
          grunt_decor_one_mirror, uniq_grinder
D:4:      kennysheep_kobold_camp, layout_loops_cross, jmf_multi_god_temple,
          amcnicky_altar_gilded, kennysheep_little_box, uniq_eustachio,
          uniq_ijyb
D:5:      layout_rooms, mainiacjoe_overflow_small_starburst,
          minmay_shop_enchanted_jewellery, uniq_menkaure, uniq_blork_the_orc
D:6:      layout_cave_pods, minmay_temple_entry_offerings
D:7:      layout_gridville, lemuel_round_altar,
          nicolae_yredelemnul_corpse_copse, gammafunk_temple_overflow_forgotten,
          enter_bailey_2, roderic_serpentine_path, roderic_lattice_a
D:8:      layout_gridville, vehumet_crystals, david_lair_shrubbed,
          minmay_misc_feat_five, chequers_hall_statues_corner_a, uniq_erica
Temple:   jpeg_temple_island

Skill      XL: |  1  2  3  4  5  6  7  8  9 10 |
---------------+-------------------------------+-----
Maces & Flails | 4 5 7 8 9 |  9.8
Fighting       | 3 4 5 |  5.6
Dodging        | 3 4 5 |  5.4
Shields        | 1 2 3 |  3.7
Stealth        | 2 3 |  3.2
Unarmed Combat | 1 |  1.1
Crossbows      | 2 |  2.5
Throwing       | 1 |  1.0

Action                   |  1- 3 |  4- 6 |  7- 9 | 10-12 || total
-------------------------+-------+-------+-------+-------++-------
Melee: Mace              |   104 |    49 |    58 |       ||   211
       Punch             |     2 |       |     3 |       ||     5
       Unarmed           |       |     5 |       |       ||     5
       Dire flail        |       |       |     9 |       ||     9
       Giant club        |       |       |    96 |    42 ||   138
 Fire: Arbalest          |       |       |    27 |       ||    27
Throw: Stone             |       |       |     7 |       ||     7
Invok: Ancestor Life: Ba |     1 |       |       |       ||     1
  Use: Scroll            |       |       |     5 |     2 ||     7
 Stab: Sleeping          |     2 |     2 |     1 |     2 ||     7
       Distracted        |       |       |     2 |       ||     2
Armor: Robe              |    44 |    16 |    42 |     6 ||   108
Dodge: Dodged            |    70 |    29 |    88 |    29 ||   216
Block: Other             |     9 |    16 |    40 |     8 ||    73
       Reflection        |       |     2 |     2 |     1 ||     5
